Minnesota Wild vs Nashville Predators

Created - jeudi, 29 février 2024 at 19:00

Goals
1 2 3 T
Minnesota Wild 3 1 3 7
Nashville Predators 1 1 1 3
Shots
1 2 3 T
Minnesota Wild 24 18 16 58
Nashville Predators 10 10 9 29

1st period

1. Minnesota Wild , Joel Eriksson Ek 21 (Mika Zibanejad 50, Kirill Kaprizov 42) at 4:00 (PP)
2. Minnesota Wild , Joel Eriksson Ek 22 (Jonas Brodin 23) at 6:37 (PP)
3. Nashville Predators , Matt Duchene 17 (Kevin Fiala 18, Filip Forsberg 26) at 10:22
4. Minnesota Wild , Evan Rodrigues 18 (Jonas Brodin 24) at 13:16

Penalties :
Anthony Beauvillier (NSH) for Roughing (Minor) at 2:57, Connor Murphy (NSH) for Hooking (Minor) at 4:46, Dante Fabbro (NSH) for Tripping (Minor) at 10:37

2nd period

5. Minnesota Wild , Nico Sturm 9 (Mika Zibanejad 51) at 3:16
6. Nashville Predators , Anthony Beauvillier 13 (Seth Jarvis 31, Haydn Fleury 8) at 13:36

Penalties :
Anthony Beauvillier (NSH) for Hooking (Minor) at 4:27, Evan Rodrigues (MIN) for Slashing (Minor) at 14:27, Ryan Johansen (NSH) for Tripping (Minor) at 18:50

3rd period

7. Nashville Predators , Matt Martin 3 (Austin Watson 13) at 4:42
8. Minnesota Wild , Brock Nelson 22 (Jonas Brodin 25) at 12:46
9. Minnesota Wild , Mika Zibanejad 40 (Kirill Kaprizov 43, Joel Eriksson Ek 33) at 16:13 (PP)
10. Minnesota Wild , Brandon Duhaime 8 (Wayne Simmonds 3, Christian Dvorak 13) at 19:45

Penalties :
Dante Fabbro (NSH) for Hooking (Minor) at 0:51, Connor Murphy (NSH) for Fighting (Major) at 5:53, Matt Dumba (MIN) for Fighting (Major) at 5:53, Nathan Beaulieu (NSH) for Roughing (Minor) at 15:00

Goalie Stats

Alex Nedeljkovic (MIN), 26 saves from 29 shots - (0.897), W, 6-7-1, 60:00 minutes
Mads Sogaard (NSH), 51 saves from 58 shots - (0.879), L, 2-6-0, 60:00 minutes

Players Stats for Minnesota Wild

Player Name              G  A  P  +/- PIM S  H  SB GA TA FO     MP     PP MP  PK MP  
------------------------------------------------------------------------------------
Brandon Duhaime          1  0  1   1  0   3  1  0  0  0  0/0    17:04   5:00   0:00 
Brock Nelson             1  0  1  -1  0   6  1  0  0  0  15/25  15:16   0:00   0:00 
Christian Dvorak         0  1  1   1  0   3  0  0  0  0  20/28  18:34   5:04   0:56 
Dakota Mermis            0  0  0   0  0   1  0  1  0  0  0/0    14:34   0:00   0:49 
Evan Rodrigues           1  0  1  -1  2   5  1  0  0  0  1/2    15:15   0:00   0:00 
Joel Eriksson Ek         2  1  3   0  0   12 3  0  0  0  2/4    20:42   6:33   1:03 
Jon Merrill              0  0  0   0  0   1  0  0  0  0  0/0    18:41   5:35   0:00 
Jonas Brodin             0  3  3   1  0   2  2  1  0  0  0/0    26:34   5:58   1:10 
Kevin Rooney             0  0  0   1  0   0  3  0  0  0  0/0     5:32   0:00   0:00 
Kirill Kaprizov          0  2  2   0  0   5  1  0  0  0  0/0    21:12   7:03   1:03 
Matt Dumba               0  0  0   0  5   0  4  1  0  0  0/0    12:35   0:46   0:13 
Mika Zibanejad           1  2  3   1  0   9  0  0  0  0  27/45  25:07   6:59   0:00 
Mikael Granlund          0  0  0  -1  0   3  2  0  0  0  2/2    15:46   0:30   0:00 
Mike Reilly              0  0  0   0  0   2  3  0  0  0  0/0    20:12   5:42   0:57 
Nick Seeler              0  0  0   0  0   1  2  1  0  0  0/0    20:42   5:35   0:49 
Nico Sturm               1  0  1   1  0   3  0  0  0  0  0/1    11:28   5:00   0:56 
Robert Hagg              0  0  0   1  0   0  2  0  0  0  0/0     6:41   0:30   0:00 
Wayne Simmonds           0  1  1   1  0   2  0  0  0  0  0/2    12:04   0:00   0:00 

Players Stats for Nashville Predators

Player Name              G  A  P  +/- PIM S  H  SB GA TA FO     MP     PP MP  PK MP  
------------------------------------------------------------------------------------
Anthony Beauvillier      1  0  1   1  4   4  1  0  0  0  0/1    16:50   1:10   0:24 
Austin Watson            0  1  1   1  0   4  3  0  0  0  10/24  11:58   0:00   0:00 
Connor Murphy            0  0  0   1  7   0  3  2  0  0  0/0    19:09   0:33   4:04 
Craig Smith              0  0  0   1  0   2  0  0  0  0  0/0    12:09   0:00   0:11 
Dante Fabbro             0  0  0  -2  4   0  0  2  0  0  0/0    18:56   0:51   3:39 
Ethan Bear               0  0  0  -2  0   0  0  1  0  0  0/0    20:54   0:51   6:03 
Filip Chytil             0  0  0  -2  0   0  1  0  0  0  1/2    14:22   0:53   5:33 
Filip Forsberg           0  1  1  -1  0   2  1  0  0  0  2/11   17:20   0:49   5:17 
Haydn Fleury             0  1  1   0  0   0  3  0  0  0  0/0    17:23   0:00   2:06 
Hugh McGing              0  0  0  -2  0   0  0  1  0  0  0/0     7:56   0:00   0:00 
Kevin Fiala              0  1  1  -3  0   5  1  0  0  0  6/16   19:34   0:33   0:52 
Matt Duchene             1  0  1  -1  0   3  0  1  0  0  11/19  17:13   0:49   4:53 
Matt Martin              1  0  1   1  0   2  3  0  0  0  3/5    14:47   0:00   2:33 
Nathan Beaulieu          0  0  0   0  2   2  3  1  0  0  0/0    15:59   0:35   0:39 
Parker Wotherspoon       0  0  0   0  0   0  0  0  0  0  0/0     1:46   0:00   0:43 
Roman Josi               0  0  0   1  0   1  2  0  0  0  0/0    25:48   1:08   6:52 
Ryan Johansen            0  0  0   1  2   1  3  0  0  0  9/29   19:21   0:33   3:59 
Seth Jarvis              0  1  1   1  0   3  0  1  0  0  0/2    16:24   1:10   0:24 

3 Stars

1 - Joel Eriksson Ek (MIN)
2 - Mika Zibanejad (MIN)
3 - Jonas Brodin (MIN)

Power Play

Minnesota Wild - 3 on 7 Attempt(s) - 42.86%
Nashville Predators - 0 on 1 Attempt(s) - 0.00%

Penalty Kill

Minnesota Wild - 1 on 1 Attempt(s) - 100.00% - Score 0 goal in Penalty Kill
Nashville Predators - 4 on 7 Attempt(s) - 57.14% - Score 0 goal in Penalty Kill

Team Stat

Minnesota Wild - Hits : 25 - Faceoff Wins : 67 - Blocked Shots : 4 - Penalty Minutes : 7
Nashville Predators - Hits : 24 - Faceoff Wins : 42 - Blocked Shots : 9 - Penalty Minutes : 19

Official

Referees : Frederick LEcuyer and Eric Furlatt
Linesman : Kilian McNamara and Tyson Baker

Game Notes

Connor Murphy and Matt Dumba fight to a draw at 5:53 of 3rd period

Finance

Level 1 -- Attendance: 9468 (94.68%) -- Ticket Income $ 823 716
Level 2 -- Attendance: 1704 (85.20%) -- Ticket Income $ 127 800
Level 3 -- Attendance: 3500 (100.00%) -- Ticket Income $ 154 000
Level 4 -- Attendance: 1063 (73.31%) -- Ticket Income $ 32 953
Luxury Box -- Attendance: 42 (84.00%) -- Ticket Income $ 9 282
Game was played at the Bridgestone Arena.
Total Attendance: 15777 (92.81%)
Total Ticket Income: $ 1 147 751
Total Income: $ 1 147 751

Minnesota Wild

5 vs 5 Forward 
   Center                   Left Wing                Right Wing               Time % Phy DF OF 
 1 Mika Zibanejad           Kirill Kaprizov          Joel Eriksson Ek         30     0   0  5  
 2 Brock Nelson             Evan Rodrigues           Mikael Granlund          30     0   1  4  
 3 Christian Dvorak         Brandon Duhaime          Wayne Simmonds           25     0   3  2  
 4 Mika Zibanejad           Kevin Rooney             Nico Sturm               15     1   3  1  

5 vs 5 Defense 
   Defense                  Defense                                           Time % Phy DF OF 
 1 Matt Dumba               Jonas Brodin                                      30     0   3  2  
 2 Nick Seeler              Jon Merrill                                       30     0   3  2  
 3 Dakota Mermis            Mike Reilly                                       25     0   3  2  
 4 Robert Hagg              Jonas Brodin                                      15     0   3  2  

PowerPlay Forward 
   Center                   Left Wing                Right Wing               Time % Phy DF OF 
 1 Mika Zibanejad           Kirill Kaprizov          Joel Eriksson Ek         50     0   0  5  
 2 Christian Dvorak         Brandon Duhaime          Nico Sturm               50     0   0  5  

PowerPlay Defense
   Defense                  Defense                                           Time % Phy DF OF 
 1 Mike Reilly              Jonas Brodin                                      50     0   1  4  
 2 Jon Merrill              Nick Seeler                                       50     0   1  4  

Penalty Kill 4 Players Forward 
   Center                   Wing                     Time % Phy DF OF 
 1 Joel Eriksson Ek         Kirill Kaprizov          50     0   5  0  
 2 Christian Dvorak         Nico Sturm               50     0   5  0  

Penalty Kill 4 Players Defense
   Defense                  Defense                  Time % Phy DF OF 
 1 Jonas Brodin             Mike Reilly              50     0   5  0  
 2 Nick Seeler              Dakota Mermis            50     0   5  0  

Penalty Kill - 3 Players Forward 
   Forward                                           Time % Phy DF OF 
 1 Christian Dvorak                                  50     0   5  0  
 2 Joel Eriksson Ek                                  50     0   5  0  

Penalty Kill - 3 Players Defense
   Defense                  Defense                  Time % Phy DF OF 
 1 Matt Dumba               Jonas Brodin             50     0   5  0  
 2 Nick Seeler              Mike Reilly              50     0   5  0  

4 vs 4 Forward 
   Center                   Wing                     Time % Phy DF OF 
 1 Nico Sturm               Christian Dvorak         50     0   2  3  
 2 Brandon Duhaime          Joel Eriksson Ek         50     0   2  3  

4 vs 4 Defense
   Defense                  Defense                  Time % Phy DF OF 
 1 Dakota Mermis            Nick Seeler              50     0   3  2  
 2 Jonas Brodin             Mike Reilly              50     0   3  2  

Last Minutes Offensive
   Center                   Left Wing                Right Wing               Defense                  Defense                  
   Mika Zibanejad           Kirill Kaprizov          Brock Nelson             Matt Dumba               Jonas Brodin             

Last Minutes Defensive
   Center                   Left Wing                Right Wing               Defense                  Defense                  
   Mika Zibanejad           Kirill Kaprizov          Joel Eriksson Ek         Jon Merrill              Mike Reilly              

Goaltenders
Starting : Alex Nedeljkovic         
Backup : Marc-Andre Fleury        

Extra Forwards
Normal : Joel Eriksson Ek, Christian Dvorak, Nico Sturm - PP : Christian Dvorak, Brandon Duhaime - PK : Christian Dvorak
Extra Defensemen
Normal : Nick Seeler, Jonas Brodin, Mike Reilly - PP : Jonas Brodin - PK : Dakota Mermis, Nick Seeler
Penalty Shots
Christian Dvorak, Nico Sturm, Joel Eriksson Ek, Brandon Duhaime, Kevin Rooney
Custom OT Lines Forwards
Kirill Kaprizov, Brock Nelson, Mika Zibanejad, Evan Rodrigues, Joel Eriksson Ek, Mikael Granlund, Brandon Duhaime, Christian Dvorak, Nico Sturm, Kevin Rooney
Custom OT Lines Defensemen
Jonas Brodin, Nick Seeler, Mike Reilly, Matt Dumba, Dakota Mermis

Scratches
Joseph Cramarossa (Healthy), Nick Swaney (Healthy), Bokondji Imama (Healthy), Matthew Berlin (Healthy)

Nashville Predators

5 vs 5 Forward 
   Center                   Left Wing                Right Wing               Time % Phy DF OF 
 1 Matt Duchene             Kevin Fiala              Filip Forsberg           30     1   2  2  
 2 Ryan Johansen            Seth Jarvis              Anthony Beauvillier      30     1   2  2  
 3 Kevin Fiala              Filip Chytil             Hugh McGing              25     1   2  2  
 4 Austin Watson            Matt Martin              Craig Smith              15     1   2  2  

5 vs 5 Defense 
   Defense                  Defense                                           Time % Phy DF OF 
 1 Roman Josi               Connor Murphy                                     30     1   2  2  
 2 Ethan Bear               Dante Fabbro                                      30     1   2  2  
 3 Nathan Beaulieu          Haydn Fleury                                      25     1   2  2  
 4 Roman Josi               Connor Murphy                                     15     1   2  2  

PowerPlay Forward 
   Center                   Left Wing                Right Wing               Time % Phy DF OF 
 1 Kevin Fiala              Matt Duchene             Filip Forsberg           50     1   2  2  
 2 Filip Chytil             Seth Jarvis              Anthony Beauvillier      50     1   2  2  

PowerPlay Defense
   Defense                  Defense                                           Time % Phy DF OF 
 1 Roman Josi               Connor Murphy                                     50     1   2  2  
 2 Ethan Bear               Dante Fabbro                                      50     1   2  2  

Penalty Kill 4 Players Forward 
   Center                   Wing                     Time % Phy DF OF 
 1 Ryan Johansen            Matt Duchene             50     1   2  2  
 2 Filip Forsberg           Filip Chytil             50     1   2  2  

Penalty Kill 4 Players Defense
   Defense                  Defense                  Time % Phy DF OF 
 1 Roman Josi               Connor Murphy            50     1   2  2  
 2 Ethan Bear               Dante Fabbro             50     1   2  2  

Penalty Kill - 3 Players Forward 
   Forward                                           Time % Phy DF OF 
 1 Filip Forsberg                                    50     1   2  2  
 2 Matt Duchene                                      50     1   2  2  

Penalty Kill - 3 Players Defense
   Defense                  Defense                  Time % Phy DF OF 
 1 Roman Josi               Connor Murphy            50     1   2  2  
 2 Ethan Bear               Dante Fabbro             50     1   2  2  

4 vs 4 Forward 
   Center                   Wing                     Time % Phy DF OF 
 1 Kevin Fiala              Matt Duchene             50     1   2  2  
 2 Filip Forsberg           Filip Chytil             50     1   2  2  

4 vs 4 Defense
   Defense                  Defense                  Time % Phy DF OF 
 1 Roman Josi               Connor Murphy            50     1   2  2  
 2 Ethan Bear               Dante Fabbro             50     1   2  2  

Last Minutes Offensive
   Center                   Left Wing                Right Wing               Defense                  Defense                  
   Kevin Fiala              Matt Duchene             Filip Forsberg           Roman Josi               Connor Murphy            

Last Minutes Defensive
   Center                   Left Wing                Right Wing               Defense                  Defense                  
   Kevin Fiala              Matt Duchene             Filip Forsberg           Roman Josi               Connor Murphy            

Goaltenders
Starting : Mads Sogaard             
Backup : Kaapo Kahkonen           

Extra Forwards
Normal : Matt Duchene, Ryan Johansen, Matt Martin - PP : Matt Duchene, Ryan Johansen - PK : Matt Martin
Extra Defensemen
Normal : Nathan Beaulieu, Haydn Fleury, Ethan Bear - PP : Nathan Beaulieu - PK : Haydn Fleury, Ethan Bear
Penalty Shots
Matt Martin, Matt Duchene, Filip Forsberg, Filip Chytil, Ryan Johansen
Custom OT Lines Forwards
Kevin Fiala, Matt Duchene, Filip Forsberg, Filip Chytil, Ryan Johansen, Seth Jarvis, Anthony Beauvillier, Matt Martin, Craig Smith, Austin Watson
Custom OT Lines Defensemen
Roman Josi, Connor Murphy, Ethan Bear, Dante Fabbro, Nathan Beaulieu

Scratches
Shane Wright (Healthy)

% Time on Ice - Minnesota Wild

Lines # - Real PCT - Wanted PCT - Time Play
Normal Forward
1 - 28% - 30% - 13:06
2 - 33% - 30% - 15:16
3 - 26% - 25% - 12:04
4 - 12% - 15% - 5:32
Normal Defense
1 - 30% - 30% - 13:57
2 - 27% - 30% - 12:11
3 - 30% - 25% - 13:45
4 - 13% - 15% - 6:05
PP Forward
1 - 59% - 50% - 7:03
2 - 41% - 50% - 5:00
PP Defense
1 - 54% - 50% - 6:28
2 - 46% - 50% - 5:35
PK Forward
1 - 53% - 50% - 1:03
2 - 47% - 50% - 0:56
PK Defense
1 - 59% - 50% - 1:10
2 - 41% - 50% - 0:49
PK3 Forward
1 - 0% - 50%
2 - 0% - 50%
PK3 Defense
1 - 0% - 50%
2 - 0% - 50%
44 Forward
1 - 0% - 50%
2 - 0% - 50%
44 Defense
1 - 0% - 50%
2 - 0% - 50%
Last Minute Offensive  - 0:00
Last Minute Defensive  - 0:00
Total
Forward - 60:00
Defense - 60:00

% Time on Ice - Nashville Predators

Lines # - Real PCT - Wanted PCT - Time Play
Normal Forward
1 - 24% - 30% - 11:14
2 - 32% - 30% - 14:50
3 - 17% - 25% - 7:56
4 - 26% - 15% - 11:58
Normal Defense
1 - 30% - 30% - 13:44
2 - 31% - 30% - 14:28
3 - 30% - 25% - 13:42
4 - 9% - 15% - 4:04
PP Forward
1 - 41% - 50% - 0:49
2 - 59% - 50% - 1:10
PP Defense
1 - 57% - 50% - 1:08
2 - 43% - 50% - 0:51
PK Forward
1 - 51% - 50% - 6:07
2 - 49% - 50% - 5:56
PK Defense
1 - 43% - 50% - 5:14
2 - 57% - 50% - 6:49
PK3 Forward
1 - 0% - 50%
2 - 0% - 50%
PK3 Defense
1 - 0% - 50%
2 - 0% - 50%
44 Forward
1 - 0% - 50%
2 - 0% - 50%
44 Defense
1 - 0% - 50%
2 - 0% - 50%
Last Minute Offensive  - 0:00
Last Minute Defensive  - 0:00
Total
Forward - 60:00
Defense - 60:00

Play-by-Play

1st period


0:01 of 1st period - Matt Duchene wins face-off versus Mika Zibanejad in neutral zone.
0:03 of 1st period - Roman Josi is hit by Jonas Brodin.
1:02 of 1st period - Shot by Ryan Johansen.
1:02 of 1st period - Deflect By Anthony Beauvillier.
1:02 of 1st period - Shot Misses the Net.
1:29 of 1st period - Brock Nelson is hit by Matt Martin and loses puck.
1:39 of 1st period - Shot by Austin Watson.
1:39 of 1st period - Stopped by Alex Nedeljkovic without a rebound.
1:40 of 1st period - Christian Dvorak wins face-off versus Kevin Fiala in Minnesota Wild zone.
1:40 of 1st period - Christian Dvorak is hit by Filip Chytil.
1:55 of 1st period - Shot by Wayne Simmonds.
1:55 of 1st period - Stopped by Mads Sogaard with a rebound.
1:57 of 1st period - Shot by Brandon Duhaime.
1:57 of 1st period - Shot Misses the Net.
2:01 of 1st period - Shot by Christian Dvorak.
2:01 of 1st period - Shot Misses the Net.
2:03 of 1st period - Shot by Christian Dvorak.
2:03 of 1st period - Shot Misses the Net.
2:05 of 1st period - Shot by Mike Reilly.
2:05 of 1st period - Shot Blocked by Connor Murphy.
2:07 of 1st period - Shot by Wayne Simmonds.
2:07 of 1st period - Shot Misses the Net.
2:09 of 1st period - Shot by Dakota Mermis.
2:09 of 1st period - Shot Misses the Net.
2:28 of 1st period - Jonas Brodin is hit by Nathan Beaulieu and loses puck.
2:52 of 1st period - Ryan Johansen is hit by Kevin Rooney.
2:57 of 1st period - Minor Penalty to Anthony Beauvillier for Roughing.
2:58 of 1st period - Christian Dvorak wins face-off versus Filip Forsberg in Nashville Predators zone.
2:59 of 1st period - Shot by Joel Eriksson Ek.
2:59 of 1st period - Deflect By Kirill Kaprizov.
2:59 of 1st period - Shot Misses the Net.
3:01 of 1st period - Shot by Christian Dvorak.
3:01 of 1st period - Stopped by Mads Sogaard without a rebound.
3:02 of 1st period - Mika Zibanejad wins face-off versus Ryan Johansen in Nashville Predators zone.
3:09 of 1st period - Shot by Joel Eriksson Ek.
3:09 of 1st period - Shot Misses the Net.
3:11 of 1st period - Shot by Nick Seeler.
3:11 of 1st period - Stopped by Mads Sogaard without a rebound.
3:12 of 1st period - Filip Forsberg wins face-off versus Christian Dvorak in Nashville Predators zone.
3:27 of 1st period - Shot by Filip Chytil.
3:27 of 1st period - Shot Misses the Net.
4:00 of 1st period - Shot by Joel Eriksson Ek.
4:00 of 1st period - Goal by Joel Eriksson Ek - Minnesota Wild : 1 - Nashville Predators : 0.
4:01 of 1st period - Austin Watson wins face-off versus Evan Rodrigues in neutral zone.
4:04 of 1st period - Shot by Matt Martin.
4:04 of 1st period - Shot Misses the Net.
4:06 of 1st period - Shot by Austin Watson.
4:06 of 1st period - Stopped by Alex Nedeljkovic without a rebound.
4:07 of 1st period - Austin Watson wins face-off versus Brock Nelson in Minnesota Wild zone.
4:25 of 1st period - Mikael Granlund is hit by Matt Martin and loses puck.
4:29 of 1st period - Evan Rodrigues is hit by Nathan Beaulieu and loses puck.
4:33 of 1st period - Icing by Nathan Beaulieu.
4:34 of 1st period - Christian Dvorak wins face-off versus Austin Watson in Nashville Predators zone.
4:35 of 1st period - Shot by Brandon Duhaime.
4:35 of 1st period - Stopped by Mads Sogaard with a rebound.
4:37 of 1st period - Shot by Dakota Mermis.
4:37 of 1st period - Shot Misses the Net.
4:39 of 1st period - Shot by Dakota Mermis.
4:39 of 1st period - Stopped by Mads Sogaard without a rebound.
4:40 of 1st period - Mika Zibanejad wins face-off versus Matt Duchene in Nashville Predators zone.
4:45 of 1st period - Shot by Mika Zibanejad.
4:45 of 1st period - Stopped by Mads Sogaard with a rebound.
4:46 of 1st period - Minor Penalty to Connor Murphy for Hooking.
4:47 of 1st period - Mika Zibanejad wins face-off versus Ryan Johansen in Nashville Predators zone.
4:58 of 1st period - Shot by Jonas Brodin.
4:58 of 1st period - Stopped by Mads Sogaard without a rebound.
4:59 of 1st period - Filip Forsberg wins face-off versus Christian Dvorak in Nashville Predators zone.
5:14 of 1st period - Shot by Christian Dvorak.
5:14 of 1st period - Stopped by Mads Sogaard without a rebound.
5:15 of 1st period - Mika Zibanejad wins face-off versus Filip Forsberg in Nashville Predators zone.
5:48 of 1st period - Shot by Jonas Brodin.
5:48 of 1st period - Shot Misses the Net.
5:50 of 1st period - Shot by Joel Eriksson Ek.
5:50 of 1st period - Stopped by Mads Sogaard with a rebound.
5:52 of 1st period - Shot by Mika Zibanejad.
5:52 of 1st period - Stopped by Mads Sogaard without a rebound.
5:53 of 1st period - Ryan Johansen wins face-off versus Nico Sturm in Nashville Predators zone.
6:22 of 1st period - Shot by Matt Duchene.
6:22 of 1st period - Stopped by Alex Nedeljkovic without a rebound.
6:23 of 1st period - Mika Zibanejad wins face-off versus Filip Forsberg in Minnesota Wild zone.
6:32 of 1st period - Roman Josi is hit by Joel Eriksson Ek and loses puck.
6:37 of 1st period - Shot by Joel Eriksson Ek.
6:37 of 1st period - Goal by Joel Eriksson Ek - Minnesota Wild : 2 - Nashville Predators : 0.
6:38 of 1st period - Brock Nelson wins face-off versus Austin Watson in neutral zone.
6:45 of 1st period - Shot by Mikael Granlund.
6:45 of 1st period - Stopped by Mads Sogaard without a rebound.
6:46 of 1st period - Brock Nelson wins face-off versus Matt Duchene in Nashville Predators zone.
6:59 of 1st period - Shot by Brock Nelson.
6:59 of 1st period - Stopped by Mads Sogaard without a rebound.
7:00 of 1st period - Ryan Johansen wins face-off versus Mika Zibanejad in Nashville Predators zone.
7:14 of 1st period - Shot by Mika Zibanejad.
7:14 of 1st period - Shot Blocked by Nathan Beaulieu.
7:16 of 1st period - Shot by Kirill Kaprizov.
7:16 of 1st period - Shot Hit the Post.
8:58 of 1st period - Seth Jarvis is hit by Robert Hagg and loses puck.
9:57 of 1st period - Shot by Kirill Kaprizov.
9:57 of 1st period - Stopped by Mads Sogaard without a rebound.
9:58 of 1st period - Matt Duchene wins face-off versus Brock Nelson in Nashville Predators zone.
9:58 of 1st period - Matt Duchene is hit by Mikael Granlund.
10:04 of 1st period - Shot by Filip Forsberg.
10:04 of 1st period - Stopped by Alex Nedeljkovic without a rebound.
10:05 of 1st period - Matt Duchene wins face-off versus Brock Nelson in Minnesota Wild zone.
10:20 of 1st period - Shot by Kevin Fiala.
10:20 of 1st period - Stopped by Alex Nedeljkovic with a rebound.
10:22 of 1st period - Shot by Matt Duchene.
10:22 of 1st period - Goal by Matt Duchene - Minnesota Wild : 2 - Nashville Predators : 1.
10:23 of 1st period - Mika Zibanejad wins face-off versus Matt Martin in neutral zone.
10:37 of 1st period - Minor Penalty to Dante Fabbro for Tripping.
10:38 of 1st period - Christian Dvorak wins face-off versus Filip Forsberg in Nashville Predators zone.
10:57 of 1st period - Shot by Jon Merrill.
10:57 of 1st period - Stopped by Mads Sogaard without a rebound.
10:58 of 1st period - Mika Zibanejad wins face-off versus Filip Forsberg in Nashville Predators zone.
11:17 of 1st period - Shot by Mika Zibanejad.
11:17 of 1st period - Shot Misses the Net.
11:25 of 1st period - Shot by Joel Eriksson Ek.
11:25 of 1st period - Deflect By Kirill Kaprizov.
11:25 of 1st period - Shot Misses the Net.
11:27 of 1st period - Shot by Kirill Kaprizov.
11:27 of 1st period - Shot Misses the Net.
11:29 of 1st period - Shot by Kirill Kaprizov.
11:29 of 1st period - Deflect By Mika Zibanejad.
11:29 of 1st period - Stopped by Mads Sogaard without a rebound.
11:30 of 1st period - Matt Martin wins face-off versus Christian Dvorak in Nashville Predators zone.
12:42 of 1st period - Shot by Kevin Fiala.
12:42 of 1st period - Stopped by Alex Nedeljkovic without a rebound.
12:43 of 1st period - Brock Nelson wins face-off versus Austin Watson in Minnesota Wild zone.
12:50 of 1st period - Shot by Brock Nelson.
12:50 of 1st period - Stopped by Mads Sogaard without a rebound.
12:51 of 1st period - Brock Nelson wins face-off versus Kevin Fiala in Nashville Predators zone.
13:16 of 1st period - Shot by Evan Rodrigues.
13:16 of 1st period - Goal by Evan Rodrigues - Minnesota Wild : 3 - Nashville Predators : 1.
13:17 of 1st period - Christian Dvorak wins face-off versus Austin Watson in neutral zone.
13:27 of 1st period - Off-side.
13:28 of 1st period - Mika Zibanejad wins face-off versus Filip Forsberg in neutral zone.
13:36 of 1st period - Icing by Matt Duchene.
13:37 of 1st period - Christian Dvorak wins face-off versus Filip Forsberg in Nashville Predators zone.
14:50 of 1st period - Shot by Matt Duchene.
14:50 of 1st period - Shot Blocked by Dakota Mermis.
14:53 of 1st period - Icing by Dakota Mermis.
14:54 of 1st period - Mika Zibanejad wins face-off versus Ryan Johansen in Minnesota Wild zone.
14:58 of 1st period - Off-side.
14:59 of 1st period - Ryan Johansen wins face-off versus Brock Nelson in neutral zone.
15:11 of 1st period - Shot by Anthony Beauvillier.
15:11 of 1st period - Shot Blocked by Matt Dumba.
17:01 of 1st period - Shot by Joel Eriksson Ek.
17:01 of 1st period - Shot Blocked by Dante Fabbro.
17:03 of 1st period - Shot by Joel Eriksson Ek.
17:03 of 1st period - Stopped by Mads Sogaard without a rebound.
17:04 of 1st period - Kevin Fiala wins face-off versus Brock Nelson in Nashville Predators zone.
17:04 of 1st period - Roman Josi is hit by Evan Rodrigues and loses puck.
17:12 of 1st period - Parker Wotherspoon is hit by Jonas Brodin and loses puck.
17:26 of 1st period - Filip Chytil is hit by Matt Dumba.
17:33 of 1st period - Kevin Fiala is hit by Matt Dumba and loses puck.
17:52 of 1st period - Shot by Ryan Johansen.
17:52 of 1st period - Shot Misses the Net.
17:54 of 1st period - Shot by Haydn Fleury.
17:54 of 1st period - Shot Misses the Net.
18:00 of 1st period - Shot by Ryan Johansen.
18:00 of 1st period - Stopped by Alex Nedeljkovic with a rebound.
18:02 of 1st period - Shot by Anthony Beauvillier.
18:02 of 1st period - Stopped by Alex Nedeljkovic without a rebound.
18:03 of 1st period - Mika Zibanejad wins face-off versus Austin Watson in Minnesota Wild zone.
18:14 of 1st period - Shot by Joel Eriksson Ek.
18:14 of 1st period - Stopped by Mads Sogaard without a rebound.
18:15 of 1st period - Christian Dvorak wins face-off versus Matt Duchene in Nashville Predators zone.
18:34 of 1st period - Shot by Christian Dvorak.
18:34 of 1st period - Shot Hit the Post.
18:36 of 1st period - Shot by Dakota Mermis.
18:36 of 1st period - Deflect By Christian Dvorak.
18:36 of 1st period - Stopped by Mads Sogaard without a rebound.
18:37 of 1st period - Mika Zibanejad wins face-off versus Ryan Johansen in Nashville Predators zone.
18:38 of 1st period - Shot by Joel Eriksson Ek.
18:38 of 1st period - Stopped by Mads Sogaard without a rebound.
18:39 of 1st period - Ryan Johansen wins face-off versus Mika Zibanejad in Nashville Predators zone.
18:44 of 1st period - Mika Zibanejad is hit by Anthony Beauvillier and loses puck.
18:53 of 1st period - Icing by Anthony Beauvillier.
18:54 of 1st period - Christian Dvorak wins face-off versus Ryan Johansen in Nashville Predators zone.
19:23 of 1st period - Shot by Kevin Fiala.
19:23 of 1st period - Stopped by Alex Nedeljkovic without a rebound.
19:24 of 1st period - Matt Duchene wins face-off versus Mika Zibanejad in Minnesota Wild zone.
19:55 of 1st period - Shot by Joel Eriksson Ek.
19:55 of 1st period - Stopped by Mads Sogaard without a rebound.
19:56 of 1st period - Brock Nelson wins face-off versus Austin Watson in Nashville Predators zone.
Goals for this period are 3 for Minnesota Wild vs 1 for Nashville Predators.
Shots for this period are 24 for Minnesota Wild vs 10 for Nashville Predators.

2nd period


0:01 of 2nd period - Mika Zibanejad wins face-off versus Filip Chytil in neutral zone.
0:10 of 2nd period - Shot by Joel Eriksson Ek.
0:10 of 2nd period - Stopped by Mads Sogaard with a rebound.
0:29 of 2nd period - Icing by Ethan Bear.
0:30 of 2nd period - Kevin Fiala wins face-off versus Wayne Simmonds in Nashville Predators zone.
0:30 of 2nd period - Filip Chytil is hit by Brandon Duhaime and loses puck.
1:11 of 2nd period - Shot by Evan Rodrigues.
1:11 of 2nd period - Shot Misses the Net.
1:13 of 2nd period - Shot by Evan Rodrigues.
1:13 of 2nd period - Shot Misses the Net.
1:15 of 2nd period - Shot by Mikael Granlund.
1:15 of 2nd period - Stopped by Mads Sogaard without a rebound.
1:16 of 2nd period - Ryan Johansen wins face-off versus Mika Zibanejad in Nashville Predators zone.
1:16 of 2nd period - Ryan Johansen is hit by Joel Eriksson Ek.
1:29 of 2nd period - Jonas Brodin is hit by Ryan Johansen and loses puck.
1:43 of 2nd period - Seth Jarvis is hit by Matt Dumba and loses puck.
2:13 of 2nd period - Shot by Austin Watson.
2:13 of 2nd period - Shot Misses the Net.
2:33 of 2nd period - Shot by Mikael Granlund.
2:33 of 2nd period - Shot Misses the Net.
2:47 of 2nd period - Shot by Roman Josi.
2:47 of 2nd period - Shot Misses the Net.
2:49 of 2nd period - Shot by Roman Josi.
2:49 of 2nd period - Stopped by Alex Nedeljkovic with a rebound.
2:51 of 2nd period - Shot by Roman Josi.
2:51 of 2nd period - Shot Misses the Net.
2:53 of 2nd period - Shot by Anthony Beauvillier.
2:53 of 2nd period - Stopped by Alex Nedeljkovic without a rebound.
2:54 of 2nd period - Matt Duchene wins face-off versus Mika Zibanejad in Minnesota Wild zone.
3:01 of 2nd period - Shot by Filip Forsberg.
3:01 of 2nd period - Shot Misses the Net.
3:16 of 2nd period - Shot by Nico Sturm.
3:16 of 2nd period - Goal by Nico Sturm - Minnesota Wild : 4 - Nashville Predators : 1.
3:17 of 2nd period - Christian Dvorak wins face-off versus Austin Watson in neutral zone.
3:57 of 2nd period - Icing by Brandon Duhaime.
3:58 of 2nd period - Christian Dvorak wins face-off versus Kevin Fiala in Minnesota Wild zone.
4:18 of 2nd period - Icing by Robert Hagg.
4:19 of 2nd period - Ryan Johansen wins face-off versus Christian Dvorak in Minnesota Wild zone.
4:24 of 2nd period - Shot by Seth Jarvis.
4:24 of 2nd period - Stopped by Alex Nedeljkovic with a rebound.
4:27 of 2nd period - Minor Penalty to Anthony Beauvillier for Hooking.
4:28 of 2nd period - Joel Eriksson Ek wins face-off versus Ryan Johansen in Nashville Predators zone.
4:35 of 2nd period - Shot by Mika Zibanejad.
4:35 of 2nd period - Stopped by Mads Sogaard without a rebound.
4:36 of 2nd period - Mika Zibanejad wins face-off versus Ryan Johansen in Nashville Predators zone.
4:37 of 2nd period - Shot by Kirill Kaprizov.
4:37 of 2nd period - Stopped by Mads Sogaard without a rebound.
4:38 of 2nd period - Mika Zibanejad wins face-off versus Ryan Johansen in Nashville Predators zone.
5:37 of 2nd period - Shot by Nico Sturm.
5:37 of 2nd period - Stopped by Mads Sogaard without a rebound.
5:38 of 2nd period - Mika Zibanejad wins face-off versus Ryan Johansen in Nashville Predators zone.
5:59 of 2nd period - Shot by Mika Zibanejad.
5:59 of 2nd period - Stopped by Mads Sogaard with a rebound.
6:01 of 2nd period - Shot by Jonas Brodin.
6:01 of 2nd period - Stopped by Mads Sogaard without a rebound.
6:02 of 2nd period - Ryan Johansen wins face-off versus Christian Dvorak in Nashville Predators zone.
7:06 of 2nd period - Nathan Beaulieu is hit by Joel Eriksson Ek and loses puck.
7:13 of 2nd period - Shot by Mika Zibanejad.
7:13 of 2nd period - Stopped by Mads Sogaard without a rebound.
7:14 of 2nd period - Kevin Fiala wins face-off versus Mika Zibanejad in Nashville Predators zone.
7:14 of 2nd period - Kevin Fiala is hit by Kevin Rooney.
7:26 of 2nd period - Shot by Kevin Fiala.
7:26 of 2nd period - Stopped by Alex Nedeljkovic without a rebound.
7:27 of 2nd period - Mika Zibanejad wins face-off versus Ryan Johansen in Minnesota Wild zone.
7:40 of 2nd period - Shot by Joel Eriksson Ek.
7:40 of 2nd period - Stopped by Mads Sogaard without a rebound.
7:41 of 2nd period - Brock Nelson wins face-off versus Matt Duchene in Nashville Predators zone.
8:53 of 2nd period - Christian Dvorak is hit by Ryan Johansen and loses puck.
8:57 of 2nd period - Icing by Jon Merrill.
8:58 of 2nd period - Christian Dvorak wins face-off versus Austin Watson in Minnesota Wild zone.
9:10 of 2nd period - Off-side.
9:11 of 2nd period - Kevin Fiala wins face-off versus Mika Zibanejad in neutral zone.
9:27 of 2nd period - Shot by Joel Eriksson Ek.
9:27 of 2nd period - Shot Misses the Net.
9:29 of 2nd period - Shot by Joel Eriksson Ek.
9:29 of 2nd period - Shot Misses the Net.
9:31 of 2nd period - Shot by Mike Reilly.
9:31 of 2nd period - Stopped by Mads Sogaard without a rebound.
9:32 of 2nd period - Austin Watson wins face-off versus Brock Nelson in Nashville Predators zone.
9:34 of 2nd period - Icing by Roman Josi.
9:35 of 2nd period - Austin Watson wins face-off versus Brock Nelson in Nashville Predators zone.
9:35 of 2nd period - Austin Watson is hit by Brock Nelson.
10:02 of 2nd period - Brock Nelson is hit by Connor Murphy and loses puck.
10:42 of 2nd period - Shot by Kirill Kaprizov.
10:42 of 2nd period - Shot Misses the Net.
10:44 of 2nd period - Shot by Joel Eriksson Ek.
10:44 of 2nd period - Stopped by Mads Sogaard without a rebound.
10:45 of 2nd period - Christian Dvorak wins face-off versus Ryan Johansen in Nashville Predators zone.
10:50 of 2nd period - Shot by Brandon Duhaime.
10:50 of 2nd period - Stopped by Mads Sogaard without a rebound.
10:51 of 2nd period - Mika Zibanejad wins face-off versus Ryan Johansen in Nashville Predators zone.
11:23 of 2nd period - Nico Sturm is hit by Ryan Johansen and loses puck.
11:30 of 2nd period - Anthony Beauvillier is hit by Kevin Rooney.
11:42 of 2nd period - Shot by Matt Duchene.
11:42 of 2nd period - Stopped by Alex Nedeljkovic without a rebound.
11:43 of 2nd period - Christian Dvorak wins face-off versus Matt Duchene in Minnesota Wild zone.
11:43 of 2nd period - Christian Dvorak is hit by Filip Forsberg.
12:41 of 2nd period - Shot by Brock Nelson.
12:41 of 2nd period - Stopped by Mads Sogaard with a rebound.
12:43 of 2nd period - Shot by Jonas Brodin.
12:43 of 2nd period - Shot Blocked by Ethan Bear.
12:45 of 2nd period - Shot by Matt Dumba.
12:45 of 2nd period - Shot Misses the Net.
12:47 of 2nd period - Shot by Evan Rodrigues.
12:47 of 2nd period - Stopped by Mads Sogaard without a rebound.
12:48 of 2nd period - Mika Zibanejad wins face-off versus Austin Watson in Nashville Predators zone.
12:51 of 2nd period - Shot by Kirill Kaprizov.
12:51 of 2nd period - Stopped by Mads Sogaard without a rebound.
12:52 of 2nd period - Mika Zibanejad wins face-off versus Austin Watson in Nashville Predators zone.
12:52 of 2nd period - Joel Eriksson Ek is hit by Connor Murphy and loses puck.
12:58 of 2nd period - Kirill Kaprizov is hit by Connor Murphy and loses puck.
13:22 of 2nd period - Off-side.
13:23 of 2nd period - Brock Nelson wins face-off versus Ryan Johansen in neutral zone.
13:36 of 2nd period - Shot by Anthony Beauvillier.
13:36 of 2nd period - Goal by Anthony Beauvillier - Minnesota Wild : 4 - Nashville Predators : 2.
13:37 of 2nd period - Christian Dvorak wins face-off versus Kevin Fiala in neutral zone.
13:56 of 2nd period - Icing by Roman Josi.
13:57 of 2nd period - Kevin Fiala wins face-off versus Mika Zibanejad in Nashville Predators zone.
14:03 of 2nd period - Icing by Roman Josi.
14:04 of 2nd period - Mika Zibanejad wins face-off versus Kevin Fiala in Nashville Predators zone.
14:05 of 2nd period - Shot by Joel Eriksson Ek.
14:05 of 2nd period - Shot Misses the Net.
14:16 of 2nd period - Shot by Joel Eriksson Ek.
14:16 of 2nd period - Stopped by Mads Sogaard with a rebound.
14:18 of 2nd period - Shot by Mika Zibanejad.
14:18 of 2nd period - Stopped by Mads Sogaard without a rebound.
14:19 of 2nd period - Brock Nelson wins face-off versus Ryan Johansen in Nashville Predators zone.
14:27 of 2nd period - Minor Penalty to Evan Rodrigues for Slashing.
14:28 of 2nd period - Filip Chytil wins face-off versus Joel Eriksson Ek in Minnesota Wild zone.
15:51 of 2nd period - Shot by Seth Jarvis.
15:51 of 2nd period - Stopped by Alex Nedeljkovic without a rebound.
15:52 of 2nd period - Ryan Johansen wins face-off versus Joel Eriksson Ek in Minnesota Wild zone.
16:05 of 2nd period - Shot by Roman Josi.
16:05 of 2nd period - Shot Blocked by Jonas Brodin.
16:07 of 2nd period - Shot by Nathan Beaulieu.
16:07 of 2nd period - Stopped by Alex Nedeljkovic without a rebound.
16:08 of 2nd period - Joel Eriksson Ek wins face-off versus Anthony Beauvillier in Minnesota Wild zone.
16:25 of 2nd period - Shot by Anthony Beauvillier.
16:25 of 2nd period - Deflect By Seth Jarvis.
16:25 of 2nd period - Shot Misses the Net.
16:27 of 2nd period - Shot by Roman Josi.
16:27 of 2nd period - Shot Misses the Net.
16:29 of 2nd period - Shot by Austin Watson.
16:29 of 2nd period - Shot Misses the Net.
16:31 of 2nd period - Shot by Matt Martin.
16:31 of 2nd period - Shot Blocked by Nick Seeler.
16:33 of 2nd period - Shot by Haydn Fleury.
16:33 of 2nd period - Shot Misses the Net.
16:35 of 2nd period - Shot by Craig Smith.
16:35 of 2nd period - Deflect By Austin Watson.
16:35 of 2nd period - Stopped by Alex Nedeljkovic without a rebound.
16:36 of 2nd period - Brock Nelson wins face-off versus Austin Watson in Minnesota Wild zone.
16:36 of 2nd period - Evan Rodrigues is hit by Matt Martin and loses puck.
16:57 of 2nd period - Shot by Matt Martin.
16:57 of 2nd period - Stopped by Alex Nedeljkovic without a rebound.
16:58 of 2nd period - Matt Duchene wins face-off versus Mika Zibanejad in Minnesota Wild zone.
17:09 of 2nd period - Shot by Matt Duchene.
17:09 of 2nd period - Shot Misses the Net.
17:19 of 2nd period - Mika Zibanejad is hit by Kevin Fiala and loses puck.
17:40 of 2nd period - Icing by Connor Murphy.
17:41 of 2nd period - Christian Dvorak wins face-off versus Matt Duchene in Nashville Predators zone.
18:34 of 2nd period - Shot by Seth Jarvis.
18:34 of 2nd period - Shot Misses the Net.
18:46 of 2nd period - Seth Jarvis is hit by Nick Seeler and loses puck.
18:50 of 2nd period - Minor Penalty to Ryan Johansen for Tripping.
18:51 of 2nd period - Matt Martin wins face-off versus Mika Zibanejad in Nashville Predators zone.
18:51 of 2nd period - Matt Martin is hit by Kirill Kaprizov.
19:45 of 2nd period - Shot by Kirill Kaprizov.
19:45 of 2nd period - Shot Misses the Net.
19:57 of 2nd period - Shot by Mika Zibanejad.
19:57 of 2nd period - Shot Hit the Post.
Goals for this period are 1 for Minnesota Wild vs 1 for Nashville Predators.
Shots for this period are 18 for Minnesota Wild vs 10 for Nashville Predators.

3rd period


0:01 of 3rd period - Matt Martin wins face-off versus Christian Dvorak in neutral zone.
0:20 of 3rd period - Shot by Nico Sturm.
0:20 of 3rd period - Stopped by Mads Sogaard without a rebound.
0:21 of 3rd period - Mika Zibanejad wins face-off versus Matt Martin in Nashville Predators zone.
0:42 of 3rd period - Shot by Kirill Kaprizov.
0:42 of 3rd period - Shot Misses the Net.
0:44 of 3rd period - Shot by Joel Eriksson Ek.
0:44 of 3rd period - Shot Blocked by Matt Duchene.
0:46 of 3rd period - Shot by Mike Reilly.
0:46 of 3rd period - Shot Blocked by Connor Murphy.
0:48 of 3rd period - Shot by Mike Reilly.
0:48 of 3rd period - Stopped by Mads Sogaard with a rebound.
0:51 of 3rd period - Minor Penalty to Dante Fabbro for Hooking.
0:52 of 3rd period - Christian Dvorak wins face-off versus Filip Forsberg in Nashville Predators zone.
0:53 of 3rd period - Shot by Jon Merrill.
0:53 of 3rd period - Shot Misses the Net.
0:55 of 3rd period - Shot by Jon Merrill.
0:55 of 3rd period - Shot Misses the Net.
2:58 of 3rd period - Shot by Evan Rodrigues.
2:58 of 3rd period - Shot Misses the Net.
3:12 of 3rd period - Shot by Craig Smith.
3:12 of 3rd period - Stopped by Alex Nedeljkovic without a rebound.
3:13 of 3rd period - Brock Nelson wins face-off versus Kevin Fiala in Minnesota Wild zone.
3:30 of 3rd period - Shot by Evan Rodrigues.
3:30 of 3rd period - Shot Misses the Net.
3:32 of 3rd period - Shot by Brock Nelson.
3:32 of 3rd period - Stopped by Mads Sogaard without a rebound.
3:33 of 3rd period - Mika Zibanejad wins face-off versus Ryan Johansen in Nashville Predators zone.
3:38 of 3rd period - Shot by Mika Zibanejad.
3:38 of 3rd period - Stopped by Mads Sogaard without a rebound.
3:39 of 3rd period - Matt Duchene wins face-off versus Mika Zibanejad in Nashville Predators zone.
3:47 of 3rd period - Kevin Fiala is hit by Mike Reilly.
3:52 of 3rd period - Matt Duchene is hit by Mike Reilly and loses puck.
4:11 of 3rd period - Filip Forsberg is hit by Mike Reilly and loses puck.
4:32 of 3rd period - Shot by Evan Rodrigues.
4:32 of 3rd period - Shot Misses the Net.
4:34 of 3rd period - Shot by Evan Rodrigues.
4:34 of 3rd period - Stopped by Mads Sogaard without a rebound.
4:35 of 3rd period - Austin Watson wins face-off versus Christian Dvorak in Nashville Predators zone.
4:40 of 3rd period - Shot by Craig Smith.
4:40 of 3rd period - Stopped by Alex Nedeljkovic without a rebound.
4:41 of 3rd period - Austin Watson wins face-off versus Brock Nelson in Minnesota Wild zone.
4:42 of 3rd period - Shot by Matt Martin.
4:42 of 3rd period - Goal by Matt Martin - Minnesota Wild : 4 - Nashville Predators : 3.
4:43 of 3rd period - Brock Nelson wins face-off versus Ryan Johansen in neutral zone.
4:56 of 3rd period - Shot by Brock Nelson.
4:56 of 3rd period - Deflect By Evan Rodrigues.
4:56 of 3rd period - Stopped by Mads Sogaard without a rebound.
4:57 of 3rd period - Mika Zibanejad wins face-off versus Kevin Fiala in Nashville Predators zone.
5:02 of 3rd period - Shot by Nico Sturm.
5:02 of 3rd period - Shot Blocked by Hugh McGing.
5:21 of 3rd period - Mika Zibanejad is hit by Nathan Beaulieu.
5:53 of 3rd period - Connor Murphy and Matt Dumba fight to a draw.
5:53 of 3rd period - Penalty to Connor Murphy for Fighting.
5:53 of 3rd period - Penalty to Matt Dumba for Fighting.
5:54 of 3rd period - Christian Dvorak wins face-off versus Austin Watson in Minnesota Wild zone.
6:05 of 3rd period - Shot by Christian Dvorak.
6:05 of 3rd period - Shot Misses the Net.
6:09 of 3rd period - Shot by Christian Dvorak.
6:09 of 3rd period - Shot Misses the Net.
6:41 of 3rd period - Shot by Joel Eriksson Ek.
6:41 of 3rd period - Deflect By Kirill Kaprizov.
6:41 of 3rd period - Stopped by Mads Sogaard without a rebound.
6:42 of 3rd period - Mikael Granlund wins face-off versus Ryan Johansen in Nashville Predators zone.
7:32 of 3rd period - Off-side.
7:33 of 3rd period - Mika Zibanejad wins face-off versus Kevin Fiala in neutral zone.
8:16 of 3rd period - Shot by Seth Jarvis.
8:16 of 3rd period - Stopped by Alex Nedeljkovic without a rebound.
8:17 of 3rd period - Austin Watson wins face-off versus Wayne Simmonds in Minnesota Wild zone.
8:24 of 3rd period - Shot by Austin Watson.
8:24 of 3rd period - Stopped by Alex Nedeljkovic without a rebound.
8:25 of 3rd period - Austin Watson wins face-off versus Brock Nelson in Minnesota Wild zone.
8:40 of 3rd period - Shot by Evan Rodrigues.
8:40 of 3rd period - Stopped by Mads Sogaard without a rebound.
8:41 of 3rd period - Christian Dvorak wins face-off versus Ryan Johansen in Nashville Predators zone.
8:59 of 3rd period - Shot by Wayne Simmonds.
8:59 of 3rd period - Stopped by Mads Sogaard with a rebound.
9:01 of 3rd period - Shot by Brandon Duhaime.
9:01 of 3rd period - Shot Misses the Net.
9:03 of 3rd period - Shot by Brandon Duhaime.
9:03 of 3rd period - Shot Misses the Net.
9:45 of 3rd period - Shot by Matt Duchene.
9:45 of 3rd period - Deflect By Filip Forsberg.
9:45 of 3rd period - Stopped by Alex Nedeljkovic without a rebound.
9:46 of 3rd period - Austin Watson wins face-off versus Brock Nelson in Minnesota Wild zone.
10:06 of 3rd period - Icing by Mike Reilly.
10:07 of 3rd period - Brock Nelson wins face-off versus Kevin Fiala in Minnesota Wild zone.
10:17 of 3rd period - Brock Nelson is hit by Roman Josi and loses puck.
10:21 of 3rd period - Icing by Haydn Fleury.
10:22 of 3rd period - Mika Zibanejad wins face-off versus Kevin Fiala in Nashville Predators zone.
10:22 of 3rd period - Kirill Kaprizov is hit by Haydn Fleury.
10:25 of 3rd period - Joel Eriksson Ek is hit by Haydn Fleury and loses puck.
10:38 of 3rd period - Shot by Kirill Kaprizov.
10:38 of 3rd period - Shot Misses the Net.
12:05 of 3rd period - Matt Martin is hit by Matt Dumba and loses puck.
12:24 of 3rd period - Shot by Mikael Granlund.
12:24 of 3rd period - Stopped by Mads Sogaard without a rebound.
12:25 of 3rd period - Matt Duchene wins face-off versus Mika Zibanejad in Nashville Predators zone.
12:30 of 3rd period - Shot by Kevin Fiala.
12:30 of 3rd period - Stopped by Alex Nedeljkovic without a rebound.
12:31 of 3rd period - Matt Duchene wins face-off versus Mika Zibanejad in Minnesota Wild zone.
12:33 of 3rd period - Filip Forsberg is hit by Robert Hagg and loses puck.
12:36 of 3rd period - Shot by Nathan Beaulieu.
12:36 of 3rd period - Stopped by Alex Nedeljkovic without a rebound.
12:37 of 3rd period - Brock Nelson wins face-off versus Matt Duchene in Minnesota Wild zone.
12:46 of 3rd period - Shot by Brock Nelson.
12:46 of 3rd period - Goal by Brock Nelson - Minnesota Wild : 5 - Nashville Predators : 3.
12:47 of 3rd period - Kevin Fiala wins face-off versus Mika Zibanejad in neutral zone.
12:50 of 3rd period - Shot by Kevin Fiala.
12:50 of 3rd period - Deflect By Filip Chytil.
12:50 of 3rd period - Shot Misses the Net.
13:00 of 3rd period - Shot by Kirill Kaprizov.
13:00 of 3rd period - Stopped by Mads Sogaard without a rebound.
13:01 of 3rd period - Evan Rodrigues wins face-off versus Ryan Johansen in Nashville Predators zone.
13:14 of 3rd period - Shot by Evan Rodrigues.
13:14 of 3rd period - Deflect By Brock Nelson.
13:14 of 3rd period - Stopped by Mads Sogaard without a rebound.
13:15 of 3rd period - Matt Duchene wins face-off versus Mika Zibanejad in Nashville Predators zone.
13:34 of 3rd period - Shot by Kevin Fiala.
13:34 of 3rd period - Shot Misses the Net.
14:15 of 3rd period - Icing by Mike Reilly.
14:16 of 3rd period - Brock Nelson wins face-off versus Austin Watson in Minnesota Wild zone.
14:16 of 3rd period - Evan Rodrigues is hit by Austin Watson and loses puck.
14:20 of 3rd period - Mike Reilly is hit by Austin Watson and loses puck.
14:52 of 3rd period - Nathan Beaulieu is hit by Nick Seeler.
14:59 of 3rd period - Christian Dvorak is hit by Haydn Fleury and loses puck.
15:00 of 3rd period - Minor Penalty to Nathan Beaulieu for Roughing.
15:01 of 3rd period - Christian Dvorak wins face-off versus Ryan Johansen in Nashville Predators zone.
15:29 of 3rd period - Shot by Nico Sturm.
15:29 of 3rd period - Shot Misses the Net.
16:03 of 3rd period - Shot by Joel Eriksson Ek.
16:03 of 3rd period - Stopped by Mads Sogaard without a rebound.
16:04 of 3rd period - Mika Zibanejad wins face-off versus Filip Forsberg in Nashville Predators zone.
16:11 of 3rd period - Shot by Kirill Kaprizov.
16:11 of 3rd period - Shot Misses the Net.
16:13 of 3rd period - Shot by Mika Zibanejad.
16:13 of 3rd period - Goal by Mika Zibanejad - Minnesota Wild : 6 - Nashville Predators : 3.
16:14 of 3rd period - Brock Nelson wins face-off versus Austin Watson in neutral zone.
16:37 of 3rd period - Austin Watson is hit by Mikael Granlund and loses puck.
16:56 of 3rd period - Mika Zibanejad is hit by Austin Watson and loses puck.
17:04 of 3rd period - Icing by Dakota Mermis.
17:05 of 3rd period - Mika Zibanejad wins face-off versus Matt Duchene in Minnesota Wild zone.
17:25 of 3rd period - Icing by Dante Fabbro.
17:26 of 3rd period - Matt Duchene wins face-off versus Christian Dvorak in Nashville Predators zone.
17:59 of 3rd period - Shot by Anthony Beauvillier.
17:59 of 3rd period - Stopped by Alex Nedeljkovic without a rebound.
18:00 of 3rd period - Ryan Johansen wins face-off versus Mika Zibanejad in Minnesota Wild zone.
18:39 of 3rd period - Icing by Anthony Beauvillier.
18:40 of 3rd period - Mikael Granlund wins face-off versus Seth Jarvis in Nashville Predators zone.
18:41 of 3rd period - Shot by Brock Nelson.
18:41 of 3rd period - Shot Blocked by Seth Jarvis.
19:07 of 3rd period - Shot by Mikael Granlund.
19:07 of 3rd period - Shot Misses the Net.
19:16 of 3rd period - Icing by Connor Murphy.
19:17 of 3rd period - Christian Dvorak wins face-off versus Seth Jarvis in Nashville Predators zone.
19:19 of 3rd period - Brandon Duhaime is hit by Roman Josi.
19:37 of 3rd period - Shot by Christian Dvorak.
19:37 of 3rd period - Shot Misses the Net.
19:39 of 3rd period - Shot by Christian Dvorak.
19:39 of 3rd period - Shot Misses the Net.
19:41 of 3rd period - Shot by Wayne Simmonds.
19:41 of 3rd period - Shot Blocked by Dante Fabbro.
19:45 of 3rd period - Shot by Brandon Duhaime.
19:45 of 3rd period - Goal by Brandon Duhaime - Minnesota Wild : 7 - Nashville Predators : 3.
19:46 of 3rd period - Austin Watson wins face-off versus Mika Zibanejad in neutral zone.
Goals for this period are 3 for Minnesota Wild vs 1 for Nashville Predators.
Shots for this period are 16 for Minnesota Wild vs 9 for Nashville Predators.